Map: Submarino EE

Players

JAX - Winner!

  • Race: Terran Terran
  • League: Gold
  • Spawn Location: 5:00

MrFercho

  • Race: Zerg Zerg
  • League: Gold
  • Spawn Location: 11:00

VOD

Have the link to the VOD?

Description

Time

  • Played on: Aug. 8, 2020, 5:35 p.m.
  • Length: 20:06
Show
View Real Time Build Order
Export as new Build Order

JAX Terran - Winner!

Build Orders:  

Get SALT Encoding   

  12  0:00  SCV  
  13  0:12  SCV  
  14  0:18  Supply Depot  
  14  0:24  SCV  
  15  0:40  SCV  
  15  0:42  Barracks  
  16  0:47  Refinery  
  16  0:52  SCV  
  17  1:04  SCV  
  18  1:16  SCV  
  19  1:28  SCV  
  20  1:34  Command Center  
  20  1:35  Marine  
  21  1:55  Marine  
  21  1:57  SCV  
  23  2:03  Factory  
  23  2:11  Supply Depot  
  23  2:14  Orbital Command  
  23  2:32  Refinery  
  23  2:43  Supply Depot  
  23  2:53  Starport  
  23  2:54  Barracks Tech Lab  
  23  2:58  SCV  
  24  3:00  Factory Tech Lab  
  24  3:10  SCV  
  24  3:11  Supply Depot  
  25  3:15  Orbital Command  
  25  3:22  SCV  
  25  3:26  Siege Tank  
  29  3:31  Marine  
  29  3:33  Starport Tech Lab  
  30  3:48  Marine  
  30  3:50  Supply Depot, SCV  
  30  3:52  SCV  
  33  4:01  Fusion Core  
  33  4:02  SCV  
  34  4:04  SCV  
  35  4:12  Marine  
  35  4:14  SCV  
  35  4:16  SCV  
  38  4:23  Refinery  
  38  4:26  SCV  
  38  4:30  Marine  
  40  4:39  SCV  
  40  4:44  SCV  
  42  4:48  Marine  
  42  4:51  SCV  
  44  4:53  Refinery  
  44  4:54  Battlecruiser  
  44  4:56  SCV  
  51  5:06  Marine  
  52  5:12  SCV  
  53  5:21  Supply Depot  
  53  5:24  Siege Tank, SCV  
  53  5:25  Supply Depot  
  57  5:29  Weapon Refit  
  57  5:34  SCV  
  58  5:36  SCV  
  59  5:44  Supply Depot  
  59  5:46  SCV  
  59  5:48  Supply Depot, SCV  
  61  5:57  Siege Tank  
  64  6:06  Supply Depot  
  64  6:17  Battlecruiser  
  70  6:30  Engineering Bay  
  70  6:56  Armory  
  70  7:00  Marine  
  71  7:13  Command Center  
  71  7:16  SCV  
  71  7:17  SCV  
  71  7:18  Marine  
  71  7:21  Battlecruiser  
  80  7:28  SCV  
  80  7:29  SCV  
  82  7:33  Supply Depot  
  82  7:34  Siege Tank  
  82  7:35  Marine  
  86  7:40  SCV  
  86  7:41  SCV  
  88  7:48  Terran Infantry Weapons Level 1  
  88  7:50  Terran Vehicle And Ship Armor Level 1  
  88  7:52  SCV  
  88  7:53  Marine, SCV  
  88  7:54  Stimpack  
  88  7:56  Supply Depot  
  91  8:04  SCV  
  92  8:06  Siege Tank, SCV  
  92  8:11  Marine  
  97  8:16  SCV  
  97  8:17  Engineering Bay  
  97  8:18  Supply Depot  
  98  8:29  Marine  
  99  8:38  Siege Tank  
  81  9:04  Marine  
  76  9:22  Marine  
  77  9:34  Combat Shield  
  77  9:37  Siege Tank  
  80  9:40  Marine  
  80  9:43  Orbital Command  
  81  9:45  SCV  
  81  9:46  SCV  
  81  9:52  Terran Vehicle And Ship Armor Level 2  
  83  9:53  Terran Infantry Weapons Level 2  
  83  9:54  Terran Infantry Armor Level 1  
  83  9:58  Marine, SCV x2  
  83  9:59  Supply Depot  
  86  10:03  Barracks  
  86  10:09  Medivac, Siege Tank  
  86  10:10  SCV x2  
  93  10:15  Marine  
  94  10:22  Supply Depot, SCV x2  
  96  10:31  Supply Depot  
  96  10:33  Marine  
  96  10:34  SCV x2  
  99  10:39  Medivac  
  99  10:41  Siege Tank  
  104  10:46  Supply Depot  
  104  10:51  Marine  
  104  10:53  Supply Depot, Factory  
  105  11:08  Supply Depot  
  105  11:09  Marine  
  106  11:13  Battlecruiser, Siege Tank  
  106  11:15  Supply Depot  
  115  11:21  Barracks Reactor  
  110  11:27  Marine  
  110  11:30  Supply Depot  
  109  11:44  Marine  
  109  11:45  Siege Tank  
  113  12:08  Factory Tech Lab  
  113  12:17  Medivac  
  113  12:21  Command Center  
  105  12:47  Medivac  
  105  12:51  Marauder, Marine x2  
  111  13:07  Terran Vehicle And Ship Armor Level 3, Terran Infantry Weapons Level 3, Terran Infantry Armor Level 2  
  111  13:08  Marine  
  111  13:09  Marine  
  111  13:12  Marauder  
  115  13:17  Medivac  
  115  13:19  Command Center  
  117  13:26  Marine x2  
  119  13:33  Marine  
  120  13:40  Orbital Command  
  120  13:44  Marine x2  
  122  13:51  Marauder  
  122  13:52  Siege Tank x2  
  122  13:55  Refinery  
  130  13:59  Refinery  
  130  14:00  Supply Depot  
  130  14:02  Marine x2  
  132  14:12  Marine  
  132  14:13  Medivac  
  135  14:20  Marine x2  
  135  14:23  Supply Depot  
  137  14:24  Siege Tank x2  
  137  14:31  Marauder  
  145  14:38  Marine x2  
  141  14:43  Medivac  
  143  14:46  Supply Depot  
  143  14:52  Marauder  
  136  14:55  Marine x2  
  136  14:56  Siege Tank  
  119  15:09  Supply Depot  
  119  15:13  Marine x3  
  122  15:16  Siege Tank  
  122  15:19  SCV  
  122  15:20  SCV  
  127  15:26  Orbital Command  
  127  15:28  Siege Tank  
  127  15:31  Marine x3  
  127  15:32  Supply Depot, SCV x2  
  135  15:48  Marine, Siege Tank  
  135  15:49  Marine x2  
  139  15:55  Supply Depot  
  139  16:00  Siege Tank  
  139  16:06  Marine  
  139  16:07  Marine x2  
  142  16:20  Siege Tank  
  142  16:24  Marine  
  142  16:25  Marauder, Marine  
  152  16:32  Siege Tank  
  152  16:42  Marine x2  
  152  16:45  Marine  
  155  16:52  Thor  
  148  17:00  Marine x2  
  138  17:04  Marauder, Thor  
  128  17:25  Marauder  
  124  17:34  Thor  
  124  17:47  Marauder, Thor, Marine x2  
  134  18:05  Marine x2  
  136  18:09  Marauder  
  138  18:18  Siege Tank  
  141  18:23  Marine x2  
  143  18:30  Marauder, Siege Tank  
  148  18:40  Marine  
  148  18:41  Marine  
  150  18:50  Siege Tank  
  152  19:02  Siege Tank  
  153  19:37  Marauder, Marine x2  
Show
View Real Time Build Order
Export as new Build Order

MrFercho Zerg 

Build Orders: Hatch First 

Get SALT Encoding   

  12  0:00  Drone  
  13  0:14  Overlord  
  13  0:21  Drone  
  14  0:33  Drone x2  
  16  0:50  Hatchery  
  16  0:52  Drone  
  16  0:57  Drone  
  16  1:01  Drone  
  18  1:11  Extractor  
  18  1:17  Spawning Pool  
  16  1:19  Drone  
  16  1:23  Drone  
  18  1:30  Drone  
  19  1:43  Drone  
  20  1:54  Drone  
  21  2:03  Overlord  
  21  2:04  Queen  
  21  2:05  Queen  
  21  2:07  Zergling x2  
  26  2:16  Drone x2  
  28  2:25  Overlord  
  28  2:27  Drone  
  29  2:41  Drone  
  29  2:42  Drone  
  31  2:44  Lair  
  31  2:47  Drone x2  
  33  2:56  Drone  
  33  2:57  Drone  
  35  3:09  Queen  
  37  3:20  Drone  
  37  3:21  Drone x2  
  37  3:22  Drone x4  
  37  3:23  Overlord  
  37  3:26  Extractor  
  43  3:27  Extractor  
  43  3:31  Evolution Chamber  
  41  3:34  Roach Warren  
  41  3:35  Drone x2  
  42  4:06  Drone x4  
  42  4:07  Drone x2  
  48  4:15  Roach x2  
  48  4:16  Overlord x2  
  52  4:17  Overlord  
  52  4:39  Roach x4  
  52  4:40  Roach x3  
  66  4:47  Glial Reconstitution  
  66  4:50  Zerg Missile Weapons Level 1  
  66  4:52  Queen  
  66  4:56  Queen  
  70  5:06  Hydralisk Den, Drone  
  70  5:10  Overlord x2  
  70  5:16  Drone x6  
  76  5:35  Overlord x2  
  76  5:41  Grooved Spines  
  76  5:45  Extractor  
  76  5:46  Hatchery  
  76  5:47  Drone x2  
  76  5:58  Hatchery  
  76  6:03  Overlord x2  
  75  6:04  Hydralisk x5  
  75  6:05  Hydralisk x2  
  83  6:24  Drone x4  
  82  6:29  Ravager x4  
  83  6:35  Drone x2  
  78  6:52  Muscular Augments, Drone x5  
  83  6:58  Queen  
  85  7:02  Spore Crawler  
  85  7:05  Spore Crawler  
  85  7:07  Drone x2, Spore Crawler  
  83  7:08  Spore Crawler  
  82  7:20  Burrow  
  82  7:22  Spore Crawler  
  81  7:23  Spore Crawler  
  81  7:27  Drone x3  
  83  7:30  Drone  
  83  7:31  Drone x3  
  87  7:57  Drone  
  87  7:58  Drone x13  
  101  8:08  Zerg Missile Weapons Level 2  
  101  8:13  Evolution Chamber  
  100  8:27  Hydralisk x3  
  100  8:28  Hydralisk x4  
  100  8:30  Overlord  
  114  8:36  Extractor  
  114  8:38  Extractor  
  82  8:57  Hydralisk x10  
  89  9:05  Spore Crawler  
  78  9:12  Hydralisk x4  
  78  9:13  Hydralisk  
  78  9:15  Drone  
  82  9:38  Drone x8  
  90  9:40  Queen  
  92  9:56  Zerg Ground Armor Level 1  
  92  10:01  Metabolic Boost  
  92  10:03  Drone x3  
  92  10:06  Queen  
  97  10:12  Drone x5  
  97  10:13  Drone  
  103  10:29  Hydralisk x6  
  103  10:31  Hatchery  
  114  11:12  Overlord x3  
  94  11:44  Hydralisk  
  94  11:45  Hydralisk x18  
  124  12:19  Overlord x4  
  124  12:22  Zergling x16  
  132  12:23  Zergling x12  
  132  12:28  Zerg Melee Weapons Level 1, Zerg Ground Armor Level 2  
  118  12:34  Infestation Pit  
  112  12:37  Lurker Den, Drone x3  
  112  12:38  Drone  
  114  12:48  Hydralisk x3  
  114  12:49  Hydralisk x4  
  128  13:06  Queen  
  128  13:12  Hive  
  130  13:19  Spire  
  129  13:32  Overlord x2  
  129  13:33  Overlord x2  
  129  13:34  Overlord  
  129  13:35  Hydralisk x4  
  129  13:36  Hydralisk  
  139  13:51  Extractor  
  139  13:53  Drone x6  
  139  13:54  Drone x3  
  139  13:55  Extractor  
  146  13:58  Drone x3  
  146  13:59  Drone  
  150  14:12  Overseer x2  
  150  14:13  Overseer  
  150  14:18  Spore Crawler  
  150  14:21  Spore Crawler  
  150  14:23  Adrenal Glands  
  148  14:25  Adaptive Talons  
  134  14:51  Corruptor x3  
  134  14:52  Corruptor  
  128  14:55  Greater Spire  
  128  14:58  Hydralisk x7  
  94  15:08  Hydralisk x4  
  94  15:09  Hydralisk  
  104  15:22  Seismic Spines  
  104  15:33  Hydralisk x10  
  116  15:51  Hydralisk x7  
  126  16:18  Brood Lord x3  
  132  16:23  Zergling x28  
  132  16:24  Zergling x6  
  140  16:30  Zerg Missile Weapons Level 3  
  128  16:53  Hydralisk x5  
  128  16:54  Hydralisk  
  86  17:08  Zergling x14  
  83  17:20  Hydralisk x3  
  60  17:38  Zergling x2  
  60  17:39  Zergling x16  
  67  17:55  Lurker x3  
  61  18:08  Hydralisk x5  
  61  18:11  Zergling x2  
  72  18:22  Zergling x2  
  72  18:23  Zergling x8  
  77  18:35  Hydralisk x2  
  69  18:56  Hydralisk x3  
  69  18:57  Hydralisk  
  75  19:18  Hydralisk x3  
  66  19:39  Hydralisk  
Tags
 
League
GoldGold
Matchup
TvZ
Replay Pack
MrFercho
Spawn Locations
Cross Positions
Add a new tag
Caveats
  • Supply blocks, unpowered buildings, or Contaminate may cause inaccurate times.
  • Supply counts are checked every 10 seconds.